cohdb
Replays
Latest Replays
All Replays
Popular Replays
Top Player Replays
Match Explorer
How It Works
Community
CoH3 Stats
Reddit
Sign in to upload your games and track your stats! →
Sign in with Steam
Match 40339353
Unlisted
Match 40339353
Overview
Messages
Build Orders
End
Panzergrenadier Squad
250 Light Carrier
Selects Panzerjäger Kommand Battlegroup
Selects Panzerjäger Kommand Battlegroup
Selects Mine Fields
Panzergrenadier Squad
Construct Light Support Kompanie
Combat Half-tracks
Panzerjäger Squad
Fire Support Elements
Panzerjäger Mechanized Group
Flakvierling Half-track
2.5-tonne Medical Truck
Selects Tank Busters
Selects Crew Shock Tactics
Construct Panzerarmee Kommand
Armored Reserves
Pak 38 Anti-tank Gun Team
Forward Retreat Point
Tungsten Core Ammunition
Selects Early Warning
Tiger Heavy Tank
Early Warning
Vehicle Survival Package
saw_7
CPU - VERY EASY
kingmins04
Gamer :)
RussianAPB
Broche
0
0
Comments
sign in to comment!
No comments posted yet!